 Dungeon Crawl Stone Soup version bcrawl-1.41.1 (webtiles) character file.

Game seed: 7526048583023983751

387328 Yshiel the Thaumaturge (level 12, -3/91 HPs)
             Began as a Gnoll Ice Elementalist on Apr 23, 2024.
             Was the Champion of Okawaru.
             Slain by a harpy skeleton (10 damage)
             ... on level 11 of the Dungeon.
             The game lasted 01:39:03 (12325 turns).

Yshiel the Thaumaturge (Gnoll Ice Elementalist)    Turns: 12325, Time: 01:39:04

Health: -3/91      AC:  9    Str: 10    XL:     12   Next: 38%
Magic:  24/24      EV: 21    Int: 20    God:    Okawaru [******]
Gold:   881        SH:  0    Dex: 23    Spells: 19/28 levels left

rFire    + . .     GDR:     38% D - +5 dagger (freeze)
rCold    . . .     SeeInvis .   (no shield)
rNeg     . . .     Gourm    .   a - +0 robe
rPois    .         Faith    .   O - +0 helmet
rElec    .         Spirit   .   X - +2 cloak of the Maze {rF+ rCorr}
rCorr    +         Reflect  .   I - +1 pair of gloves
MR       .....                  (no boots)
Stlth    ++++......             Y - amulet of magic regeneration
HPRegen  0.25/turn              j - +4 ring of dexterity
MPRegen  0.45/turn              t - ring of wizardry

@: no status effects
A: distributed training, fangs 1, strong nose
a: Heroism, Finesse, Renounce Religion


You were on level 11 of the Dungeon.
You worshipped Okawaru.
Okawaru was exalted by your worship.
You were not hungry.

You visited 2 branches of the dungeon, and saw 12 of its levels.
You also visited: Sewer.

You collected 881 gold pieces.

Inventory:

Hand Weapons
 k - a +2 whip of flaming
 q - a +2 bardiche of protection
 D - a +5 dagger of freezing (weapon)
 H - a +0 blowgun
 Q - a +0 mace of holy wrath
Missiles
 d - 1953 stones (quivered)
 n - 1732 arrows
 o - 2141 sling bullets
 C - 144 poisoned needles
 M - 22 poisoned tomahawks
 R - 288 bolts
Armour
 a - a +0 robe (worn)
 c - a +1 robe of magic recovery
 h - a +0 troll leather armour
 I - a +1 pair of gloves (worn)
 O - a +0 helmet (worn)
 X - the +2 cloak of the Maze (worn) {rF+ rCorr}
   (You found it on level 8 of the Dungeon)

   It protects you from fire.
   It provides partial protection from all sources of acid and corrosion.
Magical Staves
 s - an uncursed staff of cold {unknown}
 U - an uncursed staff of cold {unknown}
Jewellery
 j - a +4 ring of dexterity (left hand)
 t - a ring of wizardry (right hand)
 T - an uncursed ring of teleportation
 Y - an amulet of magic regeneration (around neck)
Wands
 y - a wand of paralysis (10)
 P - a wand of polymorph (19)
Scrolls
 b - 2 scrolls of amnesia
 i - 2 scrolls of identify
 p - a scroll of noise
 r - a scroll of enchant armour
 u - 3 scrolls of teleportation
 x - 2 scrolls of fog
 B - 3 scrolls of summoning {unknown}
 N - a scroll of revelation
 V - a scroll of immolation {unknown}
 Z - a scroll of remove curse
Potions
 g - 2 potions of haste
 l - 6 potions of brilliance
 v - 3 potions of berserk rage
 w - 2 potions of ambrosia
 z - 2 potions of might
 A - 2 potions of magic
 E - 2 potions of flight
 F - 5 potions of agility
 G - a potion of degeneration
 J - 2 potions of invisibility
 S - 2 potions of cancellation
Comestibles
 e - 17 rations {!d}
 f - a chunk of flesh


   Skills:
 + Level 7.1 Fighting
 + Level 7.1 Short Blades
 + Level 7.1 Long Blades
 + Level 7.1 Axes
 + Level 7.1 Maces & Flails
 + Level 7.1 Polearms
 + Level 7.1 Staves
 + Level 7.1 Slings
 + Level 7.1 Bows
 + Level 7.1 Crossbows
 + Level 7.1 Throwing
 + Level 7.1 Armour
 + Level 8.5 Dodging
 + Level 8.5 Stealth
 + Level 7.1 Shields
 + Level 7.1 Unarmed Combat
 + Level 8.8 Spellcasting
 + Level 6.3 Conjurations
 + Level 5.9 Hexes
 + Level 5.9 Charms
 + Level 5.9 Summonings
 + Level 5.9 Necromancy
 + Level 5.9 Translocations
 + Level 5.9 Transmutations
 + Level 5.9 Fire Magic
 + Level 8.1 Ice Magic
 + Level 5.9 Air Magic
 + Level 5.9 Earth Magic
 + Level 5.9 Poison Magic
 + Level 7.8 Invocations
 + Level 7.1 Evocations


You had 19 spell levels left.
You knew the following spells:

 Your Spells              Type           Power        Failure   Level  Hunger
a - Freeze                Ice            #####.       1%          1    None
b - Magic Dart            Conj           ####         1%          1    None
c - Throw Frost           Conj/Ice       #####.       1%          2    None
d - Blink                 Tloc           N/A          1%          2    None
e - Conjure Flame         Conj/Fire      ####....     1%          3    None

Your spell library contained the following spells:

 Spells                   Type           Power        Failure   Level  Hunger
 Call Imp                 Summ           ####..       1%          2    None
 Mephitic Cloud           Conj/Pois/Air  ####....     1%          3    None
 Ozocubu's Armour         Chrm/Ice       #####...     1%          3    None
 Spider Form              Tmut/Pois      ###          1%          3    None
 Ice Form                 Ice/Tmut       #####...     1%          4    ##.....
 Summon Ice Beast         Ice/Summ       #####...     1%          4    ##.....
 Throw Icicle             Conj/Ice       #####...     1%          4    ##.....


Dungeon Overview and Level Annotations

Branches:
Dungeon (11/12)            Temple (1/1) D:4            Lair (0/6) D:9
    Orc: D:8-11      Vaults: D:11-12

Altars:
Ashenzari
Cheibriados
Elyvilon
Fedhas
Gozag
Lugonu
Makhleb
Nemelex Xobeh
Okawaru
Sif Muna
Wu Jian
Xom
Yredelemnul
Zin
The Shining One

Shops:
D:5 *

Portals:
Trove: D:10 (show slimy rune of Zot)

Annotations:
D:1 1 transporter
D:6 Grinder
D:7 3 runed translucent doors, yrara's ghost, novice DsFi
D:10 3 runed translucent doors, Vire's ghost, novice OpEE


Innate Abilities, Weirdness & Mutations

Your experience applies equally to all skills.
You have very sharp teeth.
Your uncanny sense of smell can sniff out nearby items.


Message History

* * * LOW HITPOINT WARNING * * *
You barely miss the skeletal warrior.
The skeletal warrior hits you but does no damage.
The skeletal warrior closely misses you.
The harpy skeleton misses you. The harpy skeleton claws you.
* * * LOW HITPOINT WARNING * * *
The harpy skeleton claws you.
* * * LOW HITPOINT WARNING * * *
The harpy skeleton claws you.
* * * LOW HITPOINT WARNING * * *
You hit the harpy skeleton.
The harpy skeleton is lightly damaged.
The harpy skeleton claws you.
* * * LOW HITPOINT WARNING * * *
The harpy skeleton closely misses you.
You hit the harpy skeleton.
The harpy skeleton is moderately damaged.
The harpy skeleton misses you. The harpy skeleton closely misses you.
The harpy skeleton claws you!
You die...

###.#..#.###
#..........#
#..##.#..#.##c. #.
#.#..# # ∆#z##..# ∆
∆... #..# ∆
#######..######
........Z.....###
........@.......##
.....###....[....##
.#### ###........# ∆
########.[......#
##.....##).......#
##...............##
##.........#.......#
...........#.......#
#.........#......(#


You could see a harpy skeleton.

Vanquished Creatures
  Erolcha (D:10)
  A hydra (D:10)
  A two-headed ogre (D:10)
  A centaur warrior (D:11)
  Pikel (D:7)
  2 cyclopes
  2 ugly things (D:10)
  A troll (D:10)
  A meliai (shapeshifter) (D:10)
  3 slime creatures
  3 harpy skeletons (D:11)
  2 hippogriffs
  A spriggan (D:7)
  15 yaks
  3 hungry ghosts
  A steam dragon (D:10)
  3 crocodiles (D:9)
  6 sky beasts
  A soldier ant (D:10)
  4 orc warriors
  2 porcupines (D:9)
  3 phantoms
  A slave (D:7)
  2 necrophages (D:9)
  2 ice beasts
  2 hornet zombies
  A black bear (D:10)
  5 ogres
  3 kobold brigands
  6 bullfrogs
  4 centaurs
  3 scorpions
  2 water moccasin skeletons
  6 killer bees
  5 wights
  4 howler monkeys
  7 orc priests
  4 bullfrog zombies
  4 crimson imps
  8 hounds
  A quasit (D:7)
  Crazy Yiuf (D:2)
  4 bullfrog skeletons
  6 orc wizards
  Jessica (D:2)
  5 iguanas
  12 worker ants
  A killer bee zombie (D:6)
  A hound zombie (D:6)
  2 hound skeletons
  A howler monkey zombie (D:3)
  A worker ant zombie (D:6)
  A howler monkey skeleton (D:9)
  16 adders
  A river rat (D:3)
  2 shadow imps
  2 oozes (D:2)
  5 adder zombies
  8 worms
  A leopard gecko (D:4)
  34 orcs
  3 bats
  3 giant cockroaches (D:3)
  6 goblins
  9 hobgoblins
  11 jackals
  2 quokkas (D:3)
  7 ball pythons
  5 frilled lizards
  19 kobolds
  5 rats
  4 plants (Sewer)
307 creatures vanquished.

Vanquished Creatures (others)
  A two-headed ogre (D:7)
  An adder (D:7)
  4 fungi
  10 plants
16 creatures vanquished.

Grand Total: 323 creatures vanquished

Notes
Turn   | Place    | Note
-------+----------+-------------------------------------------
     0 | D:1      | Yshiel the Gnoll Ice Elementalist began the quest for the
                  | Orb.
     0 | D:1      | Reached XP level 1. HP: 13/13 MP: 6/6
   374 | D:1      | Reached XP level 2. HP: 19/19 MP: 7/7
   807 | D:2      | Reached XP level 3. HP: 22/25 MP: 1/9
   887 | D:2      | Reached skill level 5 in Spellcasting
   939 | D:2      | Reached skill level 1 in Invocations
   952 | D:2      | Noticed Jessica
   960 | D:2      | Killed Jessica
   961 | D:2      | Reached skill level 1 in Fighting
   961 | D:2      | Reached skill level 1 in Short Blades
   961 | D:2      | Reached skill level 1 in Long Blades
   961 | D:2      | Reached skill level 1 in Axes
   961 | D:2      | Reached skill level 1 in Maces & Flails
   961 | D:2      | Reached skill level 1 in Polearms
   961 | D:2      | Reached skill level 1 in Staves
   961 | D:2      | Reached skill level 1 in Slings
   961 | D:2      | Reached skill level 1 in Bows
   961 | D:2      | Reached skill level 1 in Crossbows
   961 | D:2      | Reached skill level 1 in Throwing
   961 | D:2      | Reached skill level 1 in Armour
   961 | D:2      | Reached skill level 1 in Shields
   961 | D:2      | Reached skill level 1 in Unarmed Combat
   961 | D:2      | Reached skill level 1 in Evocations
   961 | D:2      | Reached XP level 4. HP: 32/32 MP: 6/11
  1152 | D:2      | Found a runed door.
  1156 | D:2      | Noticed Crazy Yiuf
  1161 | D:2      | Killed Crazy Yiuf
  1162 | D:2      | Reached skill level 1 in Hexes
  1162 | D:2      | Reached skill level 1 in Charms
  1162 | D:2      | Reached skill level 1 in Summonings
  1162 | D:2      | Reached skill level 1 in Necromancy
  1162 | D:2      | Reached skill level 1 in Translocations
  1162 | D:2      | Reached skill level 1 in Transmutations
  1162 | D:2      | Reached skill level 1 in Fire Magic
  1162 | D:2      | Reached skill level 1 in Air Magic
  1162 | D:2      | Reached skill level 1 in Earth Magic
  1162 | D:2      | Reached skill level 1 in Poison Magic
  1162 | D:2      | Reached XP level 5. HP: 21/37 MP: 1/12
  1446 | D:3      | Found a glowing drain.
  1497 | Sewer    | Entered a sewer
  2274 | D:3      | Noticed an orc warrior
  2283 | D:3      | Killed an orc warrior
  2284 | D:3      | Reached XP level 6. HP: 31/44 MP: 5/14
  2322 | D:3      | Reached skill level 5 in Dodging
  2322 | D:3      | Reached skill level 5 in Stealth
  2595 | D:3      | Learned a level 1 spell: Magic Dart
  2598 | D:3      | Learned a level 2 spell: Throw Frost
  2601 | D:3      | Learned a level 2 spell: Blink
  2629 | D:3      | Learned a level 3 spell: Conjure Flame
  3082 | D:3      | Reached XP level 7. HP: 45/50 MP: 13/15
  3596 | D:4      | Found a staircase to the Ecumenical Temple.
  3614 | D:4      | Reached XP level 8. HP: 44/57 MP: 7/16
  3632 | Temple   | Entered the Ecumenical Temple
  3753 | Temple   | Became a worshipper of Warmaster Okawaru
  3869 | D:4      | Noticed a hippogriff
  3947 | D:4      | Killed a hippogriff
  4821 | D:5      | Entered Level 5 of the Dungeon
  4821 | D:5      | Found Munypp's General Store.
  4821 | D:5      | Found a blossoming altar of Fedhas.
  4861 | D:5      | Noticed a hippogriff
  4873 | D:5      | Killed a hippogriff
  4873 | D:5      | Reached * piety under Okawaru
  4874 | D:5      | Reached XP level 9. HP: 39/65 MP: 12/18
  5382 | D:5      | Reached ** piety under Okawaru
  6148 | D:6      | Noticed Grinder
  6185 | D:6      | Paralysed by Grinder for 3 turns
  6191 | D:6      | Paralysed by Grinder for 3 turns
  6203 | D:6      | Paralysed by Grinder for 3 turns
  6228 | D:6      | Found an ornate altar of the Wu Jian Council.
  6369 | D:6      | Reached skill level 5 in Invocations
  6598 | D:6      | Found a basalt altar of Yredelemnul.
  6634 | D:6      | Paralysed by Grinder for 4 turns
  6975 | D:7      | Reached XP level 10. HP: 69/73 MP: 14/20
  7001 | D:7      | Found a runed translucent gate.
  7002 | D:7      | Found a runed translucent gate.
  7003 | D:7      | Found a runed translucent gate.
  7005 | D:7      | Noticed yrara's ghost (novice DsFi)
  7100 | D:7      | Reached *** piety under Okawaru
  7396 | D:7      | Noticed Pikel
  7402 | D:7      | Killed Pikel
  7403 | D:7      | Reached skill level 5 in Fighting
  7403 | D:7      | Reached skill level 5 in Short Blades
  7403 | D:7      | Reached skill level 5 in Long Blades
  7403 | D:7      | Reached skill level 5 in Axes
  7403 | D:7      | Reached skill level 5 in Maces & Flails
  7403 | D:7      | Reached skill level 5 in Polearms
  7403 | D:7      | Reached skill level 5 in Staves
  7403 | D:7      | Reached skill level 5 in Slings
  7403 | D:7      | Reached skill level 5 in Bows
  7403 | D:7      | Reached skill level 5 in Crossbows
  7403 | D:7      | Reached skill level 5 in Throwing
  7403 | D:7      | Reached skill level 5 in Armour
  7403 | D:7      | Reached skill level 5 in Shields
  7403 | D:7      | Reached skill level 5 in Unarmed Combat
  7403 | D:7      | Reached skill level 5 in Evocations
  8016 | D:8      | Noticed a two-headed ogre
  8022 | D:8      | Noticed a cyclops
  8406 | D:8      | Reached **** piety under Okawaru
  8624 | D:7      | Killed a two-headed ogre
  8625 | D:7      | Reached skill level 5 in Conjurations
  8783 | D:8      | Got a distressingly furry cloak
  8784 | D:8      | Identified the +2 cloak of the Maze {rF+ rCorr} (You found
                  | it on level 8 of the Dungeon)
  8952 | D:8      | Killed a cyclops
  9018 | D:7      | Reached XP level 11. HP: 70/81 MP: 22/22
  9336 | D:9      | Found a staircase to the Lair.
  9450 | D:8      | Reached ***** piety under Okawaru
  9640 | D:8      | Reached skill level 5 in Hexes
  9640 | D:8      | Reached skill level 5 in Charms
  9640 | D:8      | Reached skill level 5 in Summonings
  9640 | D:8      | Reached skill level 5 in Necromancy
  9640 | D:8      | Reached skill level 5 in Translocations
  9640 | D:8      | Reached skill level 5 in Transmutations
  9640 | D:8      | Reached skill level 5 in Fire Magic
  9640 | D:8      | Reached skill level 5 in Air Magic
  9640 | D:8      | Reached skill level 5 in Earth Magic
  9640 | D:8      | Reached skill level 5 in Poison Magic
 10136 | D:9      | Received a gift from Okawaru
 10400 | D:10     | Entered Level 10 of the Dungeon
 10454 | D:10     | Found a portal to a secret trove of treasure.
 10569 | D:10     | Received a gift from Okawaru
 10597 | D:10     | Noticed a white ugly thing
 10597 | D:10     | Noticed a red ugly thing
 10612 | D:10     | Killed a red ugly thing
 10623 | D:10     | Killed a white ugly thing
 10766 | D:10     | Noticed a two-headed ogre
 10773 | D:10     | Killed a two-headed ogre
 11313 | D:10     | Reached XP level 12. HP: 89/89 MP: 24/24
 11512 | D:10     | Found a runed translucent gate.
 11513 | D:10     | Found a runed translucent gate.
 11515 | D:10     | Found a runed translucent gate.
 11515 | D:10     | Noticed Vire's ghost (novice OpEE)
 11515 | D:10     | Identified the +6 short sword "Icke" {drain, Stlth+}
 11777 | D:11     | Noticed Erolcha
 11780 | D:11     | Noticed a centaur warrior
 11795 | D:11     | Noticed a four-headed hydra
 11805 | D:10     | Killed Erolcha
 11869 | D:10     | Killed a four-headed hydra
 12220 | D:11     | Killed a centaur warrior
 12220 | D:11     | Reached ****** piety under Okawaru
 12325 | D:11     | Slain by a harpy skeleton

Skill      XL: |  1  2  3  4  5  6  7  8  9 10 11 12 |
---------------+-------------------------------------+-----
Conjurations   | 2 3 4 5 6 |  6.3
Spellcasting   | 5 6 7 8 |  8.8
Invocations    | 1 2 3 4 5 6 7 |  7.8
Fighting       | 1 2 3 4 5 6 7 |  7.1
Short Blades   | 1 2 3 4 5 6 7 |  7.1
Long Blades    | 1 2 3 4 5 6 7 |  7.1
Axes           | 1 2 3 4 5 6 7 |  7.1
Maces & Flails | 1 2 3 4 5 6 7 |  7.1
Polearms       | 1 2 3 4 5 6 7 |  7.1
Staves         | 1 2 3 4 5 6 7 |  7.1
Slings         | 1 2 3 4 5 6 7 |  7.1
Bows           | 1 2 3 4 5 6 7 |  7.1
Crossbows      | 1 2 3 4 5 6 7 |  7.1
Throwing       | 1 2 3 4 5 6 7 |  7.1
Armour         | 1 2 3 4 5 6 7 |  7.1
Shields        | 1 2 3 4 5 6 7 |  7.1
Unarmed Combat | 1 2 3 4 5 6 7 |  7.1
Evocations     | 1 2 3 4 5 6 7 |  7.1
Hexes          | 1 2 3 4 5 |  5.9
Charms         | 1 2 3 4 5 |  5.9
Summonings     | 1 2 3 4 5 |  5.9
Necromancy     | 1 2 3 4 5 |  5.9
Translocations | 1 2 3 4 5 |  5.9
Transmutations | 1 2 3 4 5 |  5.9
Fire Magic     | 1 2 3 4 5 |  5.9
Air Magic      | 1 2 3 4 5 |  5.9
Earth Magic    | 1 2 3 4 5 |  5.9
Poison Magic   | 1 2 3 4 5 |  5.9
Dodging        | 5 6 7 8 |  8.5
Stealth        | 5 6 7 8 |  8.5
Ice Magic      | 6 7 8 |  8.1

Action                   |  1- 3 |  4- 6 |  7- 9 | 10-12 || total
-------------------------+-------+-------+-------+-------++-------
Melee: Hand axe          |    11 |       |       |       ||    11
       Bite              |     4 |    31 |    50 |    92 ||   177
       Short sword       |     5 |    71 |    52 |       ||   128
       Whip              |       |   106 |   185 |    12 ||   303
       Punch             |       |     5 |     8 |    23 ||    36
       Dagger            |       |       |       |   425 ||   425
       Bardiche          |       |       |       |    29 ||    29
 Fire: Blowgun           |       |       |       |    11 ||    11
 Cast: Freeze            |    23 |   109 |   166 |   185 ||   483
       Blink             |       |       |     8 |    15 ||    23
Invok: Heroism           |       |       |       |     1 ||     1
Evoke: Wand              |       |       |       |     1 ||     1
  Use: Scroll            |     1 |     5 |     4 |    17 ||    27
       Potion            |       |       |     2 |    10 ||    12
 Stab: Sleeping          |     8 |     5 |    16 |    19 ||    48
       Distracted        |       |       |     2 |     1 ||     3
  Eat: Chunk             |     1 |    10 |    21 |    25 ||    57
       Ration            |       |     1 |       |     2 ||     3
Armor: Robe              |     2 |     9 |    61 |   136 ||   208
Dodge: Dodged            |    18 |    99 |   315 |   663 ||  1095
